Map: Ultralove

Players

Jumy (ForJumy) - Winner!

  • Race: Protoss Protoss
  • League: Grandmaster
  • Spawn Location: 1:00

Mixu

  • Race: Zerg Zerg
  • League: Master
  • Spawn Location: 7:00

Event: HomeStory Cup XXVII

VOD

Have the link to the VOD?

Description

Time

  • Played on: June 27, 2025, 2:11 p.m.
  • Length: 12:33

All games in this series

Show
View Real Time Build Order
Export as new Build Order

Jumy Protoss - Winner!

Build Orders: 1 Gate Expand, Oracle Opening 

Get SALT Encoding   

  12  0:00  Probe  
  13  0:12  Probe  
  14  0:16  Pylon  
  14  0:24  Probe  
  15  0:33  Probe  
  15  0:37  Gateway  
  15  0:41  Probe  
  16  0:46  Assimilator  
  17  0:50  Probe  
  18  1:03  Probe  
  19  1:15  Probe  
  20  1:23  Nexus  
  19  1:34  Cybernetics Core  
  19  1:37  Probe  
  20  1:43  Assimilator  
  20  1:49  Probe  
  21  1:54  Pylon  
  21  2:01  Probe  
  21  2:02  Adept  
  22  2:13  Probe  
  25  2:17  Stargate  
  25  2:22  Adept  
  25  2:24  Warp Gate  
  25  2:25  Probe  
  26  2:31  Probe  
  29  2:38  Probe  
  29  2:39  Probe  
  31  2:50  Probe  
  32  2:52  Adept  
  32  2:54  Probe  
  35  3:01  Oracle  
  39  3:09  Gateway  
  39  3:14  Shield Battery  
  39  3:15  Shield Battery  
  38  3:24  Shield Battery  
  36  3:27  Pylon  
  36  3:33  Shield Battery  
  36  3:39  Oracle  
  39  3:42  Probe  
  39  3:44  Probe  
  41  3:54  Probe  
  42  3:56  Probe  
  42  3:59  Gateway  
  43  4:06  Probe  
  43  4:08  Probe  
  45  4:11  Pylon  
  45  4:18  Probe  
  46  4:27  Nexus  
  46  4:29  Probe  
  47  4:32  Stalker x2  
  47  4:34  Probe  
  52  4:41  Probe  
  52  4:44  Twilight Council  
  53  4:47  Pylon, Forge, Probe  
  53  4:53  Probe  
  54  5:03  Pylon, Probe  
  54  5:05  Oracle  
  58  5:07  Stalker x2  
  58  5:08  Probe  
  58  5:11  Probe  
  60  5:21  Probe  
  62  5:22  Probe  
  61  5:32  Nexus  
  61  5:36  Probe  
  62  5:44  Probe  
  62  5:48  Probe  
  63  5:50  Blink  
  63  5:51  Pylon  
  63  5:53  Pylon, Stalker x2  
  67  6:01  Probe  
  67  6:04  Probe, Assimilator  
  69  6:07  Assimilator  
  69  6:13  Pylon, Probe  
  69  6:16  Gateway  
  70  6:18  Gateway  
  70  6:26  Probe  
  70  6:29  Probe  
  70  6:32  Stalker x2  
  73  6:46  Probe  
  73  6:47  Probe  
  73  6:48  Probe  
  73  6:52  Shield Battery  
  76  6:55  Probe x2, Stalker x2  
  76  6:56  Protoss Ground Weapons Level 1  
  76  7:00  Probe  
  83  7:04  Probe x2, Robotics Facility  
  85  7:12  Probe  
  86  7:15  Stalker x2  
  86  7:16  Probe  
  91  7:23  Stalker x2  
  91  7:24  Probe  
  91  7:25  Probe  
  91  7:26  Pylon  
  91  7:28  Probe  
  98  7:36  Probe  
  100  7:37  Probe, Assimilator  
  100  7:40  Probe  
  100  7:42  Pylon  
  100  7:45  Assimilator  
  100  7:48  Probe, Stalker x2  
  100  7:49  Probe  
  102  7:52  Probe  
  102  7:55  Stalker x2  
  107  8:00  Probe  
  107  8:01  Probe  
  107  8:04  Probe  
  110  8:06  Oracle, Robotics Bay  
  110  8:10  Photon Cannon  
  111  8:13  Probe  
  111  8:16  Zealot x2  
  111  8:19  Pylon  
  116  8:23  Pylon  
  116  8:24  Gateway  
  102  8:34  Stalker x2  
  102  8:35  Observer  
  102  8:37  Gateway  
  102  8:38  Photon Cannon  
  107  8:44  Robotics Facility  
  107  8:46  Colossus  
  105  8:48  Charge  
  105  8:49  Gateway  
  105  8:51  Zealot  
  113  8:56  Stalker  
  113  9:00  Protoss Ground Weapons Level 2  
  115  9:07  Stalker x2  
  119  9:10  Pylon  
  119  9:15  Probe  
  119  9:17  Extended Thermal Lance  
  119  9:21  Colossus  
  119  9:25  Pylon  
  119  9:29  Nexus  
  119  9:31  Shield Battery  
  125  9:50  Colossus  
  125  9:51  Stalker x6  
  125  10:08  Stalker  
  127  10:15  Gateway  
  127  10:16  Gateway, Pylon  
  127  10:18  Stalker x3  
  139  10:30  Pylon  
  139  10:37  Colossus  
  139  10:38  Sentry, Stalker x3  
  139  10:40  Probe  
  150  10:53  Stalker  
  146  10:58  Probe  
  146  11:02  Warp Prism  
  145  11:05  Pylon  
  145  11:06  Pylon  
  145  11:07  Stalker x3  
  145  11:10  Templar Archives  
  145  11:11  Probe  
  152  11:13  Probe  
  152  11:15  Assimilator  
  152  11:17  Assimilator  
  153  11:19  Zealot x2  
  153  11:21  Probe  
  153  11:22  Probe  
  153  11:23  Probe  
  153  11:25  Probe  
  158  11:31  Observer  
  159  11:33  Probe  
  159  11:34  Probe  
  159  11:35  Probe  
  162  11:40  Shield Battery  
  162  11:41  Photon Cannon  
  162  11:47  Stalker  
  164  11:57  Gateway  
  164  11:58  High Templar x2, Zealot x4  
  157  12:09  Stalker x2  
  139  12:20  Stalker x5  
Show
View Real Time Build Order
Export as new Build Order

Mixu Zerg 

Build Orders: Hatch First 

Get SALT Encoding   

  12  0:00  Drone  
  13  0:08  Drone  
  14  0:15  Extractor  
  14  0:16  Drone  
  15  0:22  Overlord  
  15  0:41  Drone  
  16  0:46  Hatchery  
  15  0:51  Drone  
  15  0:54  Drone  
  17  0:58  Drone  
  18  1:08  Extractor  
  17  1:13  Spawning Pool  
  17  1:16  Drone  
  17  1:19  Drone  
  18  1:26  Drone  
  19  1:37  Drone  
  20  1:54  Drone  
  20  2:00  Roach Warren, Queen  
  22  2:03  Queen  
  25  2:10  Metabolic Boost  
  25  2:15  Overlord  
  24  2:19  Zergling x2  
  24  2:22  Zergling x2  
  26  2:45  Roach x3  
  26  2:46  Zergling x6  
  35  2:58  Zergling x2  
  36  2:59  Overlord  
  36  3:01  Extractor  
  35  3:14  Zergling x2  
  35  3:18  Zergling x12  
  43  3:22  Zergling x2  
  44  3:30  Overlord  
  44  3:32  Zergling x2  
  43  3:41  Ravager  
  43  3:49  Drone x3  
  43  3:55  Zergling x2  
  41  3:59  Zergling x2  
  41  4:01  Drone  
  36  4:07  Hatchery  
  35  4:13  Drone  
  36  4:17  Drone x2  
  36  4:20  Drone  
  36  4:22  Drone x2  
  40  4:26  Drone x2  
  40  4:29  Drone  
  43  4:34  Zergling x2  
  43  4:36  Spore Crawler  
  43  4:38  Spore Crawler  
  42  4:41  Zergling x2  
  43  4:47  Zergling x8  
  43  4:52  Zergling x4  
  49  4:57  Zergling x2  
  50  5:05  Drone x2  
  52  5:13  Drone  
  48  5:15  Queen  
  48  5:17  Drone  
  50  5:22  Evolution Chamber  
  50  5:23  Overlord  
  48  5:30  Drone x3  
  48  5:31  Drone  
  53  5:37  Drone x3  
  53  5:40  Overlord  
  53  5:44  Drone  
  53  5:45  Overlord  
  53  5:47  Drone x2  
  53  5:50  Drone  
  53  5:54  Zerg Melee Weapons Level 1  
  53  5:56  Hatchery  
  56  5:57  Drone  
  56  5:58  Drone x4  
  56  6:02  Spore Crawler  
  56  6:03  Drone  
  58  6:08  Drone x2  
  58  6:10  Queen  
  62  6:15  Drone  
  63  6:19  Drone x2  
  59  6:26  Drone x4  
  59  6:36  Drone x5  
  59  6:37  Queen  
  64  6:42  Drone x3  
  64  6:44  Queen  
  67  6:52  Overlord, Lair  
  67  6:53  Drone x4  
  71  6:56  Drone, Extractor  
  71  7:01  Zergling x2, Extractor  
  72  7:04  Overlord x2  
  72  7:07  Queen  
  74  7:08  Drone  
  74  7:10  Zergling x2  
  74  7:13  Zergling x2  
  74  7:14  Extractor  
  75  7:17  Zergling x2  
  75  7:22  Queen  
  76  7:23  Zergling x10  
  76  7:27  Zergling x4  
  76  7:29  Zergling x2  
  86  7:37  Zergling x6  
  88  7:47  Zergling x12  
  90  7:54  Zergling x10  
  90  7:57  Queen  
  90  7:58  Zergling x2  
  96  7:59  Zerg Melee Weapons Level 2  
  96  8:00  Zergling x2, Hydralisk Den  
  96  8:03  Zergling x4  
  96  8:04  Queen  
  92  8:05  Queen  
  92  8:08  Zergling x2  
  92  8:10  Zergling x2  
  94  8:13  Zergling x2  
  94  8:14  Zergling x2  
  90  8:20  Zergling x4  
  90  8:24  Hatchery  
  90  8:25  Zergling x2  
  87  8:30  Zergling x2  
  86  8:34  Hydralisk  
  86  8:35  Drone  
  86  8:38  Hydralisk x3  
  95  8:42  Overlord  
  95  8:43  Hatchery  
  95  8:46  Zergling x4  
  96  8:51  Muscular Augments  
  96  8:53  Queen  
  96  8:54  Overlord  
  98  9:01  Zergling x4  
  98  9:06  Zergling x4  
  98  9:12  Zergling x14  
  105  9:19  Zergling x2  
  105  9:23  Zergling x8  
  109  9:24  Queen  
  109  9:25  Hydralisk  
  109  9:30  Hydralisk x2  
  114  9:36  Hydralisk, Overlord  
  116  9:40  Hydralisk  
  116  9:44  Hydralisk x2  
  115  9:47  Zergling x2  
  108  9:53  Hydralisk x6  
  108  9:57  Zergling x6  
  108  9:59  Zergling x4  
  118  10:03  Grooved Spines  
  117  10:07  Queen  
  117  10:08  Zergling x8  
  117  10:10  Hydralisk  
  117  10:13  Hydralisk  
  126  10:17  Zergling x8  
  126  10:19  Hydralisk  
  131  10:24  Zergling x6  
  131  10:25  Zerg Missile Weapons Level 1  
  134  10:33  Overlord x5  
  134  10:38  Overlord  
  130  10:42  Hydralisk  
  130  10:43  Hydralisk  
  132  10:55  Hydralisk x3  
  127  10:58  Zergling x24  
  127  11:02  Zergling x2  
  130  11:11  Zergling x10, Extractor  
  130  11:12  Zergling x6  
  130  11:17  Hydralisk x4  
  145  11:21  Zergling x2  
  145  11:24  Zergling x6  
  144  11:28  Hydralisk  
  144  11:31  Hydralisk  
  144  11:34  Hydralisk  
  144  11:35  Zergling x2  
  144  11:36  Zergling x6  
  149  11:40  Hydralisk x2  
  149  11:42  Zergling x8  
  149  11:43  Zergling x2  
  158  11:53  Hydralisk x3  
  164  11:55  Zergling x10  
  163  12:03  Zergling x8  
  163  12:07  Hydralisk x2  
  139  12:08  Hydralisk  
Tags
 
Add a new tag
Caveats
  • Supply blocks, unpowered buildings, or Contaminate may cause inaccurate times.
  • Supply counts are checked every 10 seconds.